 Dungeon Crawl Stone Soup version 0.23.1 (webtiles) character file.

Game seed: 3783822816045269009

2618 vishdafish the Cleaver (level 9, -1/98 HPs)
             Began as an Ogre Fighter on Mar 17, 2019.
             Was a Priest of Yredelemnul.
             Hit by a javelin of returning thrown by a centaur (6 damage)
             ... in a bailey.
             The game lasted 00:09:03 (7333 turns).

vishdafish the Cleaver (Ogre Fighter)               Turns: 7333, Time: 00:09:04

Health: -1/98      AC:  3    Str: 24    XL:     9   Next: 60%
Magic:  0/14       EV:  8    Int: 10    God:    Yredelemnul [***...]
Gold:   123        SH:  8    Dex:  8    Spells: 8/8 levels left

rFire    . . .     SeeInvis +   a - +0 war axe
rCold    . . .     Gourm    .   c - +0 shield
rNeg     . . .     Faith    .   b - +0 robe
rPois    +         Spirit   +   (helmet restricted)
rElec    .         Reflect  .   d - scarf {Spirit}
rCorr    .         Harm     .   (gloves unavailable)
MR       .....                  (boots unavailable)
Stlth    +.........             (no amulet)
HPRegen  0.26/turn              e - ring of poison resistance
MPRegen  0.14/turn              o - ring of see invisible

@: no status effects
A: large, unfitting armour, tough skin 1
a: Recall Undead Slaves, Injury Mirror, Animate Dead, Renounce Religion


You were in a bailey.
You worshipped Yredelemnul.
Yredelemnul was most pleased with you.
You were not hungry.

You visited 2 branches of the dungeon, and saw 8 of its levels.
You also visited: Bailey.

You collected 268 gold pieces.
You spent 145 gold pieces at shops.

Inventory:

Hand Weapons
 a - a +0 war axe (weapon)
Missiles
 k - a javelin of returning
 s - a throwing net (quivered)
Armour
 b - a +0 robe (worn)
 c - a +0 shield (worn)
 d - a scarf of spirit shield (worn)
Jewellery
 e - a ring of poison resistance (left hand)
 o - a ring of see invisible (right hand)
 y - an uncursed ring of flight
Wands
 w - a wand of scattershot (4)
 x - a wand of flame (12)
 A - a wand of acid (10)
 C - a wand of enslavement (5)
Scrolls
 h - 2 scrolls of identify
 i - a scroll of noise
 j - a scroll of fear
 m - 6 scrolls of remove curse
 n - 3 scrolls of enchant armour
 q - a scroll of fog
 t - 4 scrolls of enchant weapon
 u - 3 scrolls of teleportation
 B - a scroll of blinking
Potions
 g - 3 potions of degeneration
 l - 2 potions of magic
 v - 3 potions of flight {unknown}
 z - a potion of haste {unknown}
Comestibles
 f - 10 rations


   Skills:
 + Level 9.1 Fighting
 * Level 9.3 Axes
 - Level 2.9 Dodging
 - Level 2.9 Shields
 * Level 6.7 Invocations


You had 8 spell levels left.
You didn't know any spells.
Your spell library contained the following spells:

 Spells                   Type           Power        Failure   Level  Hunger
 Magic Dart               Conj           #...         80%         1    ##.....
 Sting                    Conj/Pois      #...         80%         1    ##.....
 Blink                    Tloc           N/A          91%         2    ###....
 Call Imp                 Summ           #.......     91%         2    ###....
 Poisonous Vapours        Pois/Air       #.....       91%         2    ###....
 Slow                     Hex            #.......     91%         2    ###....
 Conjure Flame            Conj/Fire      #.......     99%         3    ####...
 Mephitic Cloud           Conj/Pois/Air  #.......     99%         3    ####...
 Olgreb's Toxic Radiance  Pois           #.......     100%        4    #####..
 Venom Bolt               Conj/Pois      #.........   100%        5    ######.


Dungeon Overview and Level Annotations

Branches:
Dungeon (7/15)             Temple (1/1) D:5

Altars:
Ashenzari
Cheibriados
Dithmenos
Fedhas
Gozag
Hepliaklqana
Kikubaaqudgha
Makhleb
Nemelex Xobeh
Okawaru
Ru
Sif Muna
Trog
Uskayaw
Vehumet
Wu Jian
Xom
Yredelemnul
Zin
The Shining One

Shops:
D:4 %   D:5 ?   D:7 ?

Annotations:
D:7 1 transporter, night's ghost, novice GnNe


Innate Abilities, Weirdness & Mutations

You are too large for most types of armour.
You have tough skin. (AC +1)


Message History

The acid corrodes the centaur!
The centaur is almost dead.
The centaur throws a javelin of returning.
The javelin of returning barely misses you.
The weapon returns to the centaur!
The centaur throws a javelin of returning.
The javelin of returning hits you!
* * * LOW HITPOINT WARNING * * *
The weapon returns to the centaur!
The centaur throws a javelin of returning.
You block the javelin of returning.
The weapon returns to the centaur!
You feel better.
The centaur throws a javelin of returning.
The javelin of returning hits you!
* * * LOW HITPOINT WARNING * * *
The weapon returns to the centaur!
The centaur throws a javelin of returning.
The javelin of returning hits you.
You die...
Your body rises from the dead as a mindless zombie.

....≈≈...≈≈....
o≈.≈≈.≈.≈.≈≈.≈.
≈≈o≈.≈≈.≈≈.≈c≈≈
≈.≈≈.≈...≈.≈≈)≈
≈.≈.≈≈...≈≈.≈.≈
≈.≈.≈.⌠∩⌠.≈.≈.≈
≈o≈.≈..∩..≈.≈.≈
≈.≈.≈.⌠∩⌠.≈.≈.≈
≈.≈.≈≈.@.≈≈.≈.≈
≈.≈≈.≈...≈.≈≈.≈
≈≈o≈.≈≈≈≈≈.≈o≈≈
o≈.≈≈..c..≈≈.≈.
.≈≈o≈≈≈.≈≈≈o≈≈.
..≈≈.o≈.≈..≈≈..
.⌠.≈≈≈...≈≈≈.⌠.
#....≈≈≈≈≈....#


You could see 2 centaurs and 9 orcs.

Vanquished Creatures
  Pikel (D:7)
  Prince Ribbit (D:6)
  Menkaure (D:7)
  A sky beast (D:7)
  A slave (D:7)
  A phantom (D:5)
  A necrophage (D:5)
  An ogre (D:4)
  A centaur (D:7)
  2 bullfrogs
  A wyvern zombie (D:6)
  2 scorpions
  The ghost of grocchini the Cudgeler, a weakling GrFi (D:3)
  8 crimson imps
  6 hounds
  A bullfrog skeleton (D:4)
  An orc priest (D:5)
  2 jellies
  2 orc wizards (D:5)
  A centaur skeleton (D:5)
  7 worker ants
  2 hound zombies
  9 gnolls
  11 adders
  3 shadow imps (D:5)
  An adder skeleton (D:5)
  5 worms
  2 leopard geckos
  15 orcs
  5 ball pythons
  7 giant cockroaches
  10 goblins
  8 hobgoblins
  A jackal (D:5)
  3 quokkas
  A ball python zombie (D:5)
  7 bats
  3 frilled lizards
  7 kobolds
  2 quokka skeletons (D:4)
  5 rats
150 creatures vanquished.

Vanquished Creatures (others)
  A gnoll (D:7)
  A jackal (D:7)
  A quokka (D:7)
3 creatures vanquished.

Grand Total: 153 creatures vanquished

Notes
Turn   | Place    | Note
-------+----------+-------------------------------------------
     0 | D:1      | vishdafish the Ogre Fighter began the quest for the Orb.
     0 | D:1      | Reached XP level 1. HP: 24/24 MP: 1/1
   984 | D:2      | Reached XP level 2. HP: 15/32 MP: 2/2
  1167 | D:2      | Reached XP level 3. HP: 34/40 MP: 3/3
  1561 | D:2      | Reached XP level 4. HP: 25/49 MP: 4/4
  1924 | D:2      | Found a blossoming altar of Fedhas.
  1951 | D:2      | Found a faded altar of an unknown god.
  1960 | D:2      | Became a worshipper of Yredelemnul the Dark
  1960 | D:2      | Reached * piety under Yredelemnul
  2327 | D:3      | Found a shattered altar of Ashenzari.
  2461 | D:3      | Reached skill level 5 in Fighting
  2461 | D:3      | Reached XP level 5. HP: 33/57 MP: 5/5
  3078 | D:3      | Found a runed translucent gate.
  3079 | D:3      | Found a runed translucent gate.
  3079 | D:3      | Found a runed translucent gate.
  3115 | D:3      | Noticed grocchini's ghost (weakling GrFi)
  3137 | D:3      | Killed grocchini's ghost
  3716 | D:4      | Reached skill level 5 in Axes
  3716 | D:4      | Reached XP level 6. HP: 60/66 MP: 6/6
  3791 | D:4      | Found a shimmering altar of Xom.
  3904 | D:4      | Reached ** piety under Yredelemnul
  4042 | D:4      | Reached XP level 7. HP: 24/76 MP: 4/7
  4277 | D:4      | Found Giobaoh's Food Emporium.
  5101 | D:5      | Entered Level 5 of the Dungeon
  5308 | D:5      | Reached skill level 1 in Invocations
  5439 | D:5      | Reached XP level 8. HP: 37/87 MP: 6/9
  5653 | D:5      | Found Idghinoeg's Magic Scroll Shop.
  5660 | D:5      | Bought a scroll of teleportation for 33 gold pieces
  5812 | D:5      | Found a staircase to the Ecumenical Temple.
  5856 | Temple   | Entered the Ecumenical Temple
  6198 | D:6      | Reached *** piety under Yredelemnul
  6317 | D:6      | Noticed Prince Ribbit
  6327 | D:6      | Killed Prince Ribbit
  6365 | D:6      | Reached skill level 5 in Invocations
  6463 | D:6      | Reached XP level 9. HP: 9/97 MP: 2/12
  6924 | D:7      | Found Tiaruaso's Magic Scroll Boutique.
  6930 | D:7      | Found an ornate altar of the Wu Jian Council.
  6932 | D:7      | Found an opulent altar of Gozag.
  6934 | D:7      | Found a deep blue altar of Sif Muna.
  6943 | D:7      | Bought a scroll of blinking for 112 gold pieces
  6970 | D:7      | Noticed Pikel
  6987 | D:7      | Killed Pikel
  7023 | D:7      | Noticed Menkaure
  7034 | D:7      | Killed Menkaure
  7055 | D:7      | Found a transporter.
  7056 | D:7      | Noticed night's ghost (novice GnNe)
  7056 | D:7      | Identified the +12 great mace of the Pariah {crush, rPois
                  | rC+ rN++ MR-}
  7056 | D:7      | Identified the +6 great mace of the Throat {crush, *Noise
                  | Int+5 SInv}
  7056 | D:7      | Noticed a two-headed ogre
  7292 | D:7      | Found a flagged portal.
  7314 | Bailey   | Entered a bailey
  7330 | Bailey   | HP: 1/98 [centaur/javelin of returning (12)]
  7333 | Bailey   | Hit by a javelin of returning thrown by a centaur

Skill      XL: |  1  2  3  4  5  6  7  8  9 |
---------------+----------------------------+-----
Axes           | 3 4 5 6 7 8 9 |  9.3
Fighting       | 5 6 7 8 9 |  9.1
Invocations    | 2 5 6 |  6.7
Dodging        | |  2.9
Shields        | |  2.9

Action                   |  1- 3 |  4- 6 |  7- 9 || total
-------------------------+-------+-------+-------++-------
Melee: War axe           |    72 |   215 |   304 ||   591
Throw: Throwing net      |       |       |     2 ||     2
Evoke: Wand              |       |       |     5 ||     5
  Use: Scroll            |       |     8 |     4 ||    12
       Potion            |       |     1 |     7 ||     8
 Stab: Sleeping          |     1 |       |       ||     1
  Eat: Chunk             |     2 |     8 |     8 ||    18
       Ration            |       |       |     1 ||     1
Armor: Robe              |     7 |    49 |    45 ||   101
Dodge: Dodged            |    28 |    82 |   105 ||   215
Block: Shield            |    32 |    93 |   132 ||   257
